 Dungeon Crawl Stone Soup version 0.28.0-1-gb440e238dd (webtiles) character file.

Game seed: 11349253475782192633

34 mortz the Gusty (level 3, -2/26 HPs)
             Began as a Draconian Air Elementalist on Feb 20, 2022.
             Slain by Terence (8 damage)
             ... on level 2 of the Dungeon.
             The game lasted 00:09:20 (1940 turns).

mortz the Gusty (Draconian Air Elementalist)        Turns: 1940, Time: 00:09:20

Health: -2/26      AC:  5    Str: 10    XL:     3   Next: 14%
Magic:  1/6        EV: 12    Int: 17    God:
Gold:   106        SH:  0    Dex: 11    Spells: 3/6 levels left

rFire   . . .      SeeInvis .   g - +0 falchion
rCold   . . .      Faith    .   (no shield)
rNeg    . . .      Spirit   .   (armour unavailable)
rPois   .          Reflect  .   (helmet restricted)
rElec   .          Harm     .   (no cloak)
rCorr   .          Rampage  .   (no gloves)
Will    .....                   (no boots)
Stlth   ++........              (no amulet)
HPRegen 0.08/turn               (no ring)
MPRegen 0.10/turn               (no ring)

@: no status effects
A: AC +5, unfitting armour, cold-blooded
a: no special abilities


You were on level 2 of the Dungeon.
You visited 1 branch of the dungeon, and saw 2 of its levels.

You collected 106 gold pieces.

Inventory:

Hand Weapons
 b - a +0 dagger
 g - a +0 falchion (weapon)
Missiles
 a - 20 arrows
Scrolls
 c - a scroll of teleportation {unknown}
 d - a scroll of enchant weapon {unknown}
 f - a scroll of identify {unknown}
Potions
 e - a potion of brilliance {unknown}
 h - a potion of berserk rage {unknown}
 i - a potion of curing {unknown}


   Skills:
 + Level 2.0 Dodging
 + Level 2.1 Stealth
 + Level 2.4 Spellcasting
 + Level 1.2 Conjurations
 + Level 3.5 Air Magic


You had 3 spell levels left.
You knew the following spells:

 Your Spells              Type           Power      Damage    Failure   Level
a - Shock                 Conj/Air       40%        1d5       7%          1
b - Static Discharge      Conj/Air       10%        N/A       11%         2

Your spell library contained the following spells:

 Spells                   Type           Power      Damage    Failure   Level
 Swiftness                Air            14%        N/A       13%         3
 Airstrike                Air            7%         N/A       38%         4


Dungeon Overview and Level Annotations

Branches:
Dungeon (2/15)

Altars:

Annotations:
D:2 Terence


Innate Abilities, Weirdness & Mutations

Your plain brown scales are hard. (AC +5)
You cannot fit into any form of body armour.
You are cold-blooded and may be slowed by cold attacks.


Message History

Terence shouts, "Get ready for death!"
Casting: Shock (safe; 7% risk of failure)
Confirm with . or Enter, or press ? or * to list all spells.
Okay, then.
Aiming: Shock (safe; 7% risk of failure)
Press: ? - help, Q - select action, (/) - cycle Shift-Dir - straight line, f/p - Terence
Aim: Terence, wielding a +0 flail and wearing a +0 scale mail (heavily wounded, 72% to hit)
The zap hits Terence.
Terence is heavily wounded.
Terence bares his teeth.
Casting: Shock (safe; 7% risk of failure)
Confirm with . or Enter, or press ? or * to list all spells.
You miscast Static Discharge.
You are very lightly contaminated with residual magic.
Nothing appears to happen.
Terence hits you with a +0 flail.
Aiming: Shock (safe; 7% risk of failure)
Press: ? - help, Q - select action, (/) - cycle Shift-Dir - straight line, f/p - Terence
Aim: Terence, wielding a +0 flail and wearing a +0 scale mail (heavily wounded, 72% to hit)
The zap hits Terence but does no damage.
Terence is heavily wounded.
Terence hits you with a +0 flail.
You hit Terence but do no damage.
Your tail-slap misses Terence.
Terence is heavily wounded.
Terence says, "Time to say good-bye..."
Terence hits you but does no damage.
You hit Terence.
Terence is severely wounded.
Terence closely misses you.
You barely miss Terence.
Terence is severely wounded.
Terence hits you with a +0 flail.
You hit Terence.
Terence is severely wounded.
Terence hits you with a +0 flail. Terence hits you with a +0 flail!
* * * LOW HITPOINT WARNING * * *
Your magical contamination has completely faded away.
You hit Terence but do no damage.
Terence is severely wounded.
Terence hits you with a +0 flail!
You die...

##########.........
#...[..............
#........).........
#....♣♣♣♣..#######.
#...♣♣♣♣♣♣.# #.
#..♣P♣P..♣♣#######.
#...PP..P♣♣........
#.@..♣...P♣...P....
#.@♣♣PPPP♣♣...P....
#### ♣♣♣.♣...P♣♣P..
#####♣♣♣♣....♣♣♣...
#.............P....
#....♣.♣...........
#..................
#....♣.♣...........
#..................
##..[♣.♣...........


You could see Terence.

Vanquished Creatures
  A dart slug (D:2)
  4 ball pythons
  2 endoplasms (D:2)
  2 giant cockroaches (D:2)
  4 goblins (D:1)
  6 hobgoblins
  A bat (D:1)
  A frilled lizard (D:1)
  4 kobolds
  2 rats
27 creatures vanquished.

Notes
Turn   | Place    | Note
-------+----------+-------------------------------------------
     0 | D:1      | mortz the Draconian Air Elementalist began the quest for
                  | the Orb.
     0 | D:1      | Reached XP level 1. HP: 14/14 MP: 3/3
   336 | D:1      | Reached XP level 2. HP: 20/20 MP: 3/5
   339 | D:1      | Learned a level 2 spell: Static Discharge
  1047 | D:2      | Found a faded altar of an unknown god.
  1251 | D:2      | Reached XP level 3. HP: 26/26 MP: 1/6
  1902 | D:2      | Noticed Terence
  1940 | D:2      | Slain by Terence

Illustrated notes

Levels and vault maps discovered:
D:1:      shiori_arrival_maze, layout_basic, chequers_decorated_corner
D:2:      layout_basic, ebering_ecumenical_altar_box, serial_forest,
          infiniplex_forest_end_double, infiniplex_forest_straight_2,
          infiniplex_forest_lined_3, infiniplex_forest_clump_small,
          infiniplex_forest_straight_5, infiniplex_forest_straight_1,
          infiniplex_forest_end_2, infiniplex_forest_straight_5,
          infiniplex_forest_end_2, infiniplex_forest_straight_2, uniq_terence

Skill      XL: |  1  2 |
---------------+-------+-----
Stealth        | 2 |  2.1
Dodging        | 2 |  2.0
Spellcasting   | |  2.4
Conjurations   | |  1.2
Air Magic      | |  3.5

Action                   || total
-------------------------++-------
Melee: Dagger            ||     5
       Unarmed           ||     5
       Tailslap          ||     1
       Falchion          ||     9
 Cast: Shock             ||    61
Armor: Skin              ||     3
Dodge: Dodged            ||    15
